 Dungeon Crawl Stone Soup version 0.26-a0-863-g3bff4b215c (webtiles) character file.

Game seed: 1837827684806648679

42 Copingsaw the Covered (level 3, -2/24 HPs)
             Began as a Gargoyle Fighter on Nov 26, 2020.
             Slain by a gnoll
             ... wielding a +0 spear
              (8 damage)
             ... on level 2 of the Dungeon.
             The game lasted 00:01:13 (914 turns).

Copingsaw the Covered (Gargoyle Fighter)             Turns: 914, Time: 00:01:13

Health: -2/24      AC: 10    Str: 20    XL:     3   Next: 54%
Magic:  3/3        EV:  7    Int:  8    God:
Gold:   45         SH:  9    Dex:  9    Spells: 2/2 levels left

rFire    . . .     SeeInvis .   a - +0 flail
rCold    . . .     Faith    .   c - +0 kite shield
rNeg     + . .     Spirit   .   b - +0 scale mail
rPois    ∞         Reflect  .   (no helmet)
rElec    +         Harm     .   (no cloak)
rCorr    .         Rampage  .   (no gloves)
MR       .....                  (no boots)
Stlth    ..........             (no amulet)
HPRegen  0.08/turn              (no ring)
MPRegen  0.08/turn              (no ring)

@: mighty
A: negative energy resistance 1, electricity resistance, unbreathing,
petrification resistance, rot immunity, AC +3
a: no special abilities


You were on level 2 of the Dungeon.
You visited 1 branch of the dungeon, and saw 2 of its levels.

You collected 45 gold pieces.

Inventory:

Hand Weapons
 a - a +0 flail (weapon)
Armour
 b - a +0 scale mail (worn)
 c - a +0 kite shield (worn)
Jewellery
 g - an uncursed ring of magical power {unknown}
Scrolls
 f - a scroll of immolation {unknown}
 h - a scroll of teleportation {unknown}
 i - a scroll of noise {unknown}
 j - a scroll of remove curse {unknown}
Potions
 e - a potion of mutation {unknown}


   Skills:
 + Level 3.7 Fighting
 + Level 2.4 Maces & Flails
 + Level 3.8 Armour
 + Level 3.7 Shields


You had 2 spell levels left.
You didn't know any spells.
Your spell library was empty.

Dungeon Overview and Level Annotations

Branches:
Dungeon (2/15)

Altars:

Annotations:
D:2 1 runed translucent door, Crazy Yiuf


Innate Abilities, Weirdness & Mutations

You are resistant to torment.
Your stone body is resilient. (AC +3)
You are immune to poison.
You resist negative energy. (rN+)
You are resistant to electric shocks. (rElec)
You can survive without breathing.
You are immune to petrification.
You are immune to rotting.


Message History

The gnoll barely misses you. x2
You closely miss the gnoll.
The gnoll is almost dead.
The gnoll hits you but does no damage. You block the gnoll's attack.
The gnoll hits you but does no damage.
You closely miss the gnoll.
The gnoll is almost dead.
You block the gnoll's attack.
You sock the gnoll!
You kill the gnoll!
You block the gnoll's attack.
The frilled lizard bites you but does no damage.
You sock the frilled lizard!
You kill the frilled lizard!
The gnoll hits you but does no damage. x2
You block the gnoll's attack.
Things that are here:
a +0 whip; a +0 whip You closely miss the gnoll.
The gnoll hits you with a +0 spear!
You die...

#.. #.. #g #####.. #.
#...... #. #.####. #g ###
#.####. #. ##.## ##......
######.##.#.######.....##
#.......@###............#
.####.g## ##.#..........
#.## ##........... #.
##.#.........( #.
#...........[# ##
..###.##>....## ...
..........# ..
###.##.....# #. #.....#


You could see a gnoll.

Vanquished Creatures
  2 gnolls (D:2)
  An ooze (D:1)
  4 goblins (D:1)
  A hobgoblin (D:1)
  3 jackals (D:1)
  2 bats (D:1)
  A frilled lizard (D:2)
  3 kobolds (D:1)
  2 rats (D:1)
19 creatures vanquished.

Notes
Turn   | Place    | Note
-------+----------+-------------------------------------------
     0 | D:1      | Copingsaw the Gargoyle Fighter began the quest for the Orb.
     0 | D:1      | Reached XP level 1. HP: 14/14 MP: 1/1
   179 | D:1      | Reached XP level 2. HP: 19/19 MP: 2/2
   854 | D:2      | Found a runed translucent door.
   855 | D:2      | Noticed Crazy Yiuf
   907 | D:2      | Reached XP level 3. HP: 6/24 MP: 3/3
   914 | D:2      | Slain by a gnoll

Illustrated notes

Levels and vault maps discovered:
D:1:      heliophobic_arrival_enchanted_forest, layout_basic
D:2:      layout_loops_ring, uniq_robin, uniq_crazy_yiuf_cottage

Action                   || total
-------------------------++-------
Melee: Flail             ||    60
  Use: Potion            ||     1
Armor: Scale mail        ||    27
Dodge: Dodged            ||    16
Block: Kite shield       ||    30

Table legend: (Time is in decaauts)
 A = Elapsed time spent in this place.
 B = Non-inter-level travel time spent in this place.
 C = Inter-level travel time spent in this place.
 D = Time resting spent in this place.
 E = Time spent auto-exploring this place.
 F = Levels seen in this place.
 G = Mean time per level.
                   A        B        C        D        E       F      G
               +--------+--------+--------+--------+--------+-----+--------+
         Total |    936 |    896 |     40 |      0 |    755 |   2 |  468.0 |
       Dungeon |    936 |    896 |     40 |      0 |    755 |   2 |  468.0 |
               +--------+--------+--------+--------+--------+-----+--------+

Top non-repeatable levels by time:
     D:1: 827 daAuts
     D:2: 109 daAuts
